 Dungeon Crawl Stone Soup version 0.23-a0-182-g58cdd98 (console) character file.

3627 Voker57 the Carver (level 9, 0/71 HPs)
             Began as a Demonspawn Abyssal Knight on Sept 20, 2018.
             Was an Elder of Lugonu.
             Slain by a troll (3 damage)
             ... on level 9 of the Dungeon.
             The game lasted 00:14:04 (10316 turns).

Voker57 the Carver (Demonspawn Abyssal Knight)     Turns: 10316, Time: 00:14:04

Health: 0/71       AC: 21    Str: 12    XL:     9   Next: 87%
Magic:  0/22       EV: 12    Int: 13    God:    Lugonu [****..]
Gold:   462        SH:  0    Dex: 18    Spells: 8/8 levels left

rFire    . . .     SeeInvis .   a - +3 great sword
rCold    . . .     Gourm    .   (shield currently unavailable)
rNeg     . . .     Faith    .   F - +3 ring mail of Prudence {+Inv rPois rCorr Dex-2}
rPois    +         Spirit   +   (helmet restricted)
rElec    .         Reflect  .   (no cloak)
rCorr    +         Harm     .   (no gloves)
MR       .....                  (no boots)
Stlth    +.........             h - amulet of guardian spirit
HPRegen  0.21/turn              D - +3 ring of dexterity
MPRegen  0.18/turn              n - ring of magical power

@: sanguine armour
A: antennae 1, demonic guardian 1, sanguine armour 3
a: Depart the Abyss, Bend Space, Banish, Corrupt, Renounce Religion, Evoke
Invisibility


You were on level 9 of the Dungeon.
You worshipped Lugonu.
Lugonu was greatly pleased with you.
You were hungry.

You visited 1 branch of the dungeon, and saw 9 of its levels.
You visited the Abyss 1 time.
You also visited: Ossuary.

You collected 462 gold pieces.

Inventory:

Hand Weapons
 a - a +3 great sword (weapon)
 b - a +0 spear of venom
 I - a +2 falchion
Armour
 s - a +1 leather armour
 F - the +3 ring mail of Prudence (worn) {+Inv rPois rCorr Dex-2}
   (You found it on level 8 of the Dungeon)

   It affects your dexterity (-2).
   It protects you from poison.
   It lets you turn invisible.
   It provides partial protection from all sources of acid and corrosion.
Jewellery
 e - an uncursed ring of protection from fire
 h - an amulet of guardian spirit (around neck)
 k - a -4 ring of protection
 n - a ring of magical power (right hand)
 t - an uncursed ring of see invisible
 x - an uncursed ring of wizardry
 z - an uncursed ring of resist corrosion
 D - a +3 ring of dexterity (left hand)
 G - an uncursed ring of poison resistance
 J - an uncursed ring of protection from fire
Wands
 r - a wand of polymorph (22)
 u - a wand of acid (5)
 K - a wand of random effects (71)
Scrolls
 i - 7 scrolls of teleportation
 j - 5 scrolls of remove curse
 y - 2 scrolls of enchant weapon
 A - a scroll of enchant armour
 B - a scroll of fog
 C - 4 scrolls of identify
 M - a scroll of acquirement {unknown}
Potions
 d - a potion of lignification {unknown}
 f - 2 potions of might
 g - a potion of heal wounds {unknown}
 l - 5 potions of curing {unknown}
 m - a potion of berserk rage {unknown}
 o - 2 potions of agility {unknown}
 p - 6 potions of flight {unknown}
 q - 3 potions of cancellation {unknown}
 v - a potion of resistance {unknown}
 w - a potion of invisibility {unknown}
 E - a potion of haste {unknown}
 H - 2 potions of degeneration {unknown}
 N - a potion of magic {unknown}
Comestibles
 c - 16 rations


   Skills:
 + Level 6.9 Fighting
 * Level 8.3 Long Blades
 * Level 7.4 Armour
 - Level 2.5 Dodging
 - Level 5.6 Invocations


You had 8 spell levels left.
You didn't know any spells.
Your spell library contained the following spells:

 Spells                   Type           Power        Failure   Level  Hunger
 Corona                   Hex            #......      52%         1    ##.....
 Sandblast                Erth           #.....       52%         1    ##.....
 Slow                     Hex            #.......     67%         2    ###....
 Inner Flame              Hex/Fire       #.......     88%         3    ####...
 Portal Projectile        Hex/Tloc       #.....       88%         3    ####...
 Cause Fear               Hex            #.........   99%         4    #####..
 Leda's Liquefaction      Hex/Erth       #.........   99%         4    #####..
 Petrify                  Tmut/Erth      #.......     99%         4    #####..
 Bolt of Magma            Conj/Fire/Erth #.........   100%        5    ######.
 Borgnjor's Vile Clutch   Necr/Erth      #.........   100%        5    ######.


Dungeon Overview and Level Annotations

Branches:
Dungeon (9/15)             Temple (0/1) D:4
   Lair: D:8-11         Orc: D:9-12

Altars:
Wu Jian
Xom

Shops:
D:4 [


Innate Abilities, Weirdness & Mutations

You have a pair of small antennae on your head.
A weak demonic guardian rushes to your aid.
When seriously injured, your bleeding wounds create very thick armour. (AC +12)


Message History

* * * LOW HITPOINT WARNING * * *
The troll claws you but does no damage.
You hit the troll but do no damage.
The troll is severely wounded.
The troll bites you but does no damage. The troll claws you.
* * * LOW HITPOINT WARNING * * *
The troll claws you.
* * * LOW HITPOINT WARNING * * *
You barely miss the troll.
The troll is severely wounded.
The troll bites you!
* * * LOW HITPOINT WARNING * * *
The troll misses you. The troll claws you.
* * * LOW HITPOINT WARNING * * *
You slash the troll!
The troll is almost dead.
The troll bites you.
* * * LOW HITPOINT WARNING * * *
The troll claws you.
You die...

###########
#)..o.....#
#o###.#####
#...oo.#h#<@.#
.....†.o#.#.###T#
####....#.#.{{{h#
#....# #######
.....# ##.#..#
.....#


You could see a troll and a hound.

Vanquished Creatures
  A hippogriff (D:7)
  A wraith (Ossuary)
  A basilisk (D:7)
  2 water moccasins
  2 orc warriors
  A black bear (D:8)
  A sky beast (D:7)
  A phantom (D:4)
  An ogre (D:6)
  A big kobold (D:8)
  4 bullfrogs
  4 scorpions
  2 water moccasin skeletons
  4 killer bees (D:7)
  7 wights (D:6)
  4 crimson imps
  A bullfrog zombie (D:8)
  A centaur zombie (D:7)
  A centaur skeleton (D:8)
  6 hounds
  2 orc wizards
  3 bullfrog skeletons (D:6)
  Jessica (D:2)
  3 worker ants
  2 hound zombies
  3 mummies (Ossuary)
  A worker ant zombie (D:5)
  11 gnolls
  2 howler monkey skeletons
  10 adders
  2 shadow imps
  An ooze (D:4)
  An adder skeleton (D:8)
  3 worms (D:2)
  2 dart slugs
  2 leopard geckos
  10 orcs
  6 giant cockroaches
  7 goblins
  9 hobgoblins
  9 jackals
  14 kobolds
  3 quokkas
  6 bats
  6 frilled lizards
  3 goblin zombies (Ossuary)
  2 hobgoblin zombies (Ossuary)
  A jackal skeleton (D:7)
  6 kobold zombies (Ossuary)
  4 rats
181 creatures vanquished.

Vanquished Creatures (collateral kills)
  An ice beast (D:6)
  2 bullfrogs (D:8)
  A centaur skeleton (D:7)
  2 hounds
  An orc wizard (D:6)
  A worker ant (D:4)
  2 gnolls (D:5)
  An adder zombie (D:7)
  A leopard gecko (D:7)
  3 orcs
15 creatures vanquished.

Vanquished Creatures (others)
  A kobold (D:8)
  A kobold zombie (Ossuary)
2 creatures vanquished.

Grand Total: 198 creatures vanquished

Notes
Turn   | Place    | Note
-------+----------+-------------------------------------------
     0 | Abyss:1  | Voker57 the Demonspawn Abyssal Knight began the quest for
                  | the Orb.
     0 | Abyss:1  | Reached XP level 1. HP: 18/18 MP: 2/2
    29 | Abyss:1  | Noticed a hellwing
    34 | D:1      | Escaped the Abyss
   370 | D:1      | Reached skill level 1 in Dodging
   375 | D:1      | Reached * piety under Lugonu
   528 | D:1      | Reached skill level 2 in Long Blades
   702 | D:1      | Gained mutation: You have a pair of small antennae on your
                  | head. [demonic ancestry]
   702 | D:1      | Reached XP level 2. HP: 24/24 MP: 4/4
  1531 | D:2      | Gained mutation: When seriously injured, your bleeding
                  | wounds create armour. (AC +12) [demonic ancestry]
  1531 | D:2      | Reached XP level 3. HP: 21/29 MP: 5/5
  1656 | D:2      | Noticed Jessica
  1661 | D:2      | Killed Jessica
  1767 | D:2      | Reached XP level 4. HP: 20/35 MP: 6/6
  2008 | D:2      | Reached skill level 3 in Long Blades
  2848 | D:1      | Gained mutation: When seriously injured, your bleeding
                  | wounds create thick armour. (AC +12) [demonic ancestry]
  2848 | D:1      | Reached XP level 5. HP: 6/42 MP: 7/7
  3541 | D:3      | Reached ** piety under Lugonu
  4374 | D:4      | Found an ornate altar of the Wu Jian Council.
  4412 | D:4      | Reached skill level 4 in Long Blades
  4412 | D:4      | Gained mutation: A weak demonic guardian rushes to your
                  | aid. [demonic ancestry]
  4412 | D:4      | Reached XP level 6. HP: 34/48 MP: 9/9
  4745 | D:4      | Found Uxtigedo's Armour Shoppe.
  4821 | D:4      | Identified the Collected Works on the Rocks
  4869 | D:4      | Found a staircase to the Ecumenical Temple.
  5097 | D:5      | Entered Level 5 of the Dungeon
  5251 | D:5      | Found a shimmering altar of Xom.
  5742 | D:5      | Reached XP level 7. HP: 31/55 MP: 10/10
  5914 | D:5      | Reached skill level 5 in Invocations
  6303 | D:5      | Reached skill level 5 in Long Blades
  6705 | D:6      | Found a sand-covered staircase.
  6717 | Ossuary  | Entered an ossuary
  6717 | Ossuary  | Noticed a wraith
  6717 | Ossuary  | Noticed a wraith
  6717 | Ossuary  | Noticed a wraith
  6778 | Ossuary  | Reached *** piety under Lugonu
  6983 | Ossuary  | Noticed a wraith
  7009 | Ossuary  | Killed a wraith
  7009 | Ossuary  | Reached skill level 5 in Fighting
  7009 | Ossuary  | Reached XP level 8. HP: 14/62 MP: 6/12
  7785 | D:6      | Reached skill level 6 in Long Blades
  7955 | D:6      | Reached skill level 5 in Armour
  8542 | D:7      | Gained mutation: When seriously injured, your bleeding
                  | wounds create very thick armour. (AC +12) [demonic
                  | ancestry]
  8542 | D:7      | Reached XP level 9. HP: 44/69 MP: 13/13
  8545 | D:7      | Reached **** piety under Lugonu
  8550 | D:7      | Reached skill level 7 in Long Blades
  8904 | D:7      | Noticed a red ugly thing
  8919 | D:7      | Banished a red ugly thing
  9543 | D:8      | Got a bloodstained ring mail
  9554 | D:8      | Identified the +3 ring mail of Prudence {+Inv rPois rCorr
                  | Dex-2} (You found it on level 8 of the Dungeon)
  9662 | D:8      | Reached skill level 8 in Long Blades
 10282 | D:9      | Noticed a troll
 10316 | D:9      | HP: 3/71 [troll (3)]
 10316 | D:9      | Slain by a troll

Vault maps used:
D:1:      saegor_arrival_under_anarchy, minmay_misc_feat_columns
D:2:      first_ration, kennysheep_generic_room_14, uniq_jessica
D:4:      old_standard_altar, minmay_temple_entry_fiery, serial_shops,
          shop_fountains
D:5:      basic_altar
D:6:      enter_ossuary_1
D:7:      hangedman_cross_stitches, feat_on_display
D:9:      uniq_grum, uniq_erolcha
Abyss:1:  serial_sigils_hangedman_quiver
Ossuary:  ossuary_kennysheep_city_of_the_dead

Skill      XL: |  1  2  3  4  5  6  7  8  9 |
---------------+----------------------------+-----
Dodging        | 1 2 |  2.5
Long Blades    | 2 3 4 5 6 8 |  8.3
Invocations    | 3 4 5 |  5.6
Fighting       | 4 5 6 |  6.9
Armour         | 2 4 5 7 |  7.4

Action                   |  1- 3 |  4- 6 |  7- 9 || total
-------------------------+-------+-------+-------++-------
Melee: Falchion          |    87 |   269 |   201 ||   557
       Spear             |       |     7 |    31 ||    38
       Great sword       |       |       |   157 ||   157
Invok: Depart the Abyss  |     1 |       |       ||     1
       Banish            |       |       |     1 ||     1
Evoke: Wand              |       |       |     2 ||     2
  Use: Scroll            |     3 |     4 |     5 ||    12
       Potion            |       |       |     1 ||     1
 Stab: Sleeping          |       |     2 |     3 ||     5
       Distracted        |       |     1 |     3 ||     4
  Eat: Chunk             |     3 |    12 |     9 ||    24
       Ration            |       |       |     2 ||     2
Armor: Leather armour    |    16 |    84 |   134 ||   234
       Ring mail         |       |       |    52 ||    52
Dodge: Dodged            |    45 |   203 |   288 ||   536
       Rpst.: Falchion   |    11 |    64 |    39 ||   114
       Great sword       |       |       |    38 ||    38

Table legend:
 A = Non-vault XP
 B = Vault XP
 C = Vault XP percentage of total XP
 D = Non-vault monster count
 E = Vault monster count
 F = Vault count percentage of total count
                 A         B        C        D         E       F
            +---------+---------+-------+---------+---------+-------
      Total |    4173 |    1009 |  19.5 |     170 |      26 |  13.3
            +---------+---------+-------+---------+---------+-------
        D:1 |      35 |       0 |   0.0 |      19 |       0 |   0.0
        D:2 |     134 |      40 |  23.0 |      25 |       3 |  10.7
        D:3 |     107 |       0 |   0.0 |      23 |       0 |   0.0
        D:4 |     283 |       0 |   0.0 |      11 |       0 |   0.0
        D:5 |     563 |       0 |   0.0 |      22 |       0 |   0.0
        D:6 |    1214 |       0 |   0.0 |      27 |       0 |   0.0
        D:7 |     780 |     721 |  48.0 |      16 |       9 |  36.0
        D:8 |     917 |       0 |   0.0 |      25 |       0 |   0.0
        D:9 |     140 |       0 |   0.0 |       2 |       0 |   0.0
    Ossuary |       0 |     248 | 100.0 |       0 |      14 | 100.0
            +---------+---------+-------+---------+---------+-------
